 Dungeon Crawl Stone Soup version 0.26-a0-663-g36e8fdb655 (webtiles) character file.

Game seed: 15469038080135704284

2330 Grim the Nimble (level 9, -7/56 HPs)
             Began as a Deep Elf Conjurer on Oct 12, 2020.
             Was a Follower of Vehumet.
             Mangled by Harold
             ... wielding a +0 long sword
              (18 damage)
             ... on level 7 of the Dungeon.
             The game lasted 00:19:41 (9048 turns).

Grim the Nimble (Deep Elf Conjurer)                 Turns: 9048, Time: 00:19:42

Health: -7/56      AC: 10    Str:  7    XL:     9   Next: 19%
Magic:  2/15       EV: 17    Int: 28    God:    Vehumet [*.....]
Gold:   350        SH:  0    Dex: 13    Spells: 4/14 levels left

rFire    + . .     SeeInvis .   i - staff of fire
rCold    + . .     Faith    +   (no shield)
rNeg     . . .     Spirit   .   l - +3 leather armour {rC+}
rPois    +         Reflect  .   (no helmet)
rElec    .         Harm     .   (no cloak)
rCorr    .         Rampage  .   x - +0 pair of gloves
MR       +....                  F - +0 pair of boots
Stlth    ++........             t - amulet of faith
HPRegen  0.18/turn              y - ring of protection from magic
MPRegen  0.14/turn              o - ring of poison resistance

@: no status effects
A: talons 1, icy blue scales 1, clever 1, strong 1
a: Renounce Religion


You were on level 7 of the Dungeon.
You worshipped Vehumet.
Vehumet was aware of your devotion.
You visited 2 branches of the dungeon, and saw 8 of its levels.

You collected 350 gold pieces.

Inventory:

Hand Weapons
 C - a +0 long sword
Missiles
 p - 23 poisoned darts (quivered)
Armour
 a - a +0 robe
 l - a +3 leather armour of cold resistance (worn)
 x - a +0 pair of gloves (worn)
 D - +0 steam dragon scales
 F - a +0 pair of boots (worn)
Magical Staves
 i - an uncursed staff of fire (weapon)
Jewellery
 o - a ring of poison resistance (right hand)
 t - an amulet of faith (around neck)
 y - a ring of protection from magic (left hand)
Wands
 B - a wand of enslavement (7)
 E - a wand of disintegration (7)
Scrolls
 c - a scroll of enchant armour
 d - 3 scrolls of random uselessness
 g - a scroll of fog {unknown}
 h - a scroll of enchant weapon {unknown}
 j - 2 scrolls of remove curse
 k - a scroll of noise
 r - 7 scrolls of identify
 s - a scroll of teleportation
 u - 2 scrolls of fear {unknown}
 z - a scroll of amnesia {unknown}
Potions
 b - a potion of invisibility {unknown}
 e - 3 potions of heal wounds
 f - 2 potions of magic
 m - a potion of degeneration {!q}
 n - 2 potions of ambrosia
 q - a potion of resistance
 v - a potion of berserk rage {unknown}
 w - a potion of flight {unknown}
 A - 2 potions of cancellation {unknown}


   Skills:
 - Level 6.9 Fighting
 + Level 1.2 Staves
 - Level 10.2 Dodging
 - Level 2.4 Stealth
 - Level 3.0 Spellcasting
 + Level 9.5 Conjurations
 - Level 6.5 Hexes


You had 4 spell levels left.
You knew the following spells:

 Your Spells              Type           Power        Failure   Level
a - Magic Dart            Conj           ####         1%          1
b - Searing Ray           Conj           ######       1%          2
c - Fulminant Prism       Conj/Hex       #####.....   4%          4
d - Dazzling Flash        Conj/Hex       #####.       1%          3

Your spell library contained the following spells:

 Spells                   Type           Power        Failure   Level
 Shock                    Conj/Air       ####         1%          1
 Iskenderun's Mystic Bla  Conj/Tloc      ####....     17%         4


Dungeon Overview and Level Annotations

Branches:
Dungeon (7/15)             Temple (1/1) D:4

Altars:
Ashenzari
Cheibriados
Fedhas
Gozag
Makhleb
Okawaru
Qazlal
Trog
Uskayaw
Vehumet
Wu Jian
Xom
Yredelemnul
Zin
The Shining One

Annotations:
D:4 exclusion: oklob plant
D:7 Harold


Innate Abilities, Weirdness & Mutations

You have sharp toenails.
You are partially covered in icy blue scales. (AC +2)
Your mind is acute. (Int +2)
Your muscles are strong. (Str +2)


Message History

Harold zaps a wand.
The bolt of acid misses you.
Casting: Searing Ray (safe; 1% risk of failure)
Confirm with . or Enter, or press ? or * to list all spells.
Aiming: Searing Ray (safe; 1% risk of failure)
Press: ? - help, Shift-Dir - straight line, f/p - Harold
Aim: Harold, wielding a +0 long sword, wearing a +0 scale mail, quivering a throwing net and carrying a wand of acid (8) (heavily wounded)
The searing ray misses Harold. (Press . to maintain the ray.)
The searing ray hits Harold!
Harold is severely wounded.
Harold hits you with a +0 long sword.
* * * LOW HITPOINT WARNING * * *
The searing ray hits Harold!
Harold is almost dead.
Harold hits you with a +0 long sword!
* * * LOW HITPOINT WARNING * * *
The searing ray hits Harold!
Harold is almost dead.
You finish channeling your searing ray.
Harold hits you with a +0 long sword!!
You die...

.........#.#
#.(.####.#.#
###.#.##.#.#
.(..#....#†#
.####....#.# .#
#....#.# .#
#....#.##### ######
.#
#....#.....###.....#
.#
#....#.....'@@.....#
.#
#....#.....###.....#
.# #.####.....#
......# .# #.#
#.#+### ......# .#
#.# #.# ..$...# .#
#.# #.# ......# .#
#.# #. ......# .#
#.# .###+## .# #>#


You could see Harold.

Vanquished Creatures
  Maggie (D:6)
  An ice beast (D:6)
  An ogre (D:5)
  4 phantoms
  A black bear (D:7)
  A centaur (D:6)
  A bullfrog (D:6)
  A gnoll sergeant (D:5)
  A scorpion (D:5)
  A howler monkey (D:6)
  A bullfrog zombie (D:5)
  3 orc priests
  4 hounds
  A jelly (D:6)
  4 orc wizards
  3 bullfrog skeletons
  5 iguanas
  2 worker ants
  A hound zombie (D:5)
  3 hound skeletons
  8 gnolls
  7 adders
  A white imp (D:6)
  An ufetubus (D:6)
  An adder zombie (D:6)
  2 adder skeletons
  A worm (D:2)
  4 dart slugs
  13 orcs
  A ball python (D:3)
  3 giant cockroaches (D:1)
  3 goblins
  3 hobgoblins
  3 jackals
  3 kobolds
  3 quokkas
  10 bats
  4 frilled lizards
  A quokka skeleton (D:4)
  8 rats
120 creatures vanquished.

Vanquished Creatures (others)
  3 fulminant prisms
  10 fungi (D:4)
  21 plants (D:4)
34 creatures vanquished.

Grand Total: 154 creatures vanquished

Notes
Turn   | Place    | Note
-------+----------+-------------------------------------------
     0 | D:1      | Grim the Deep Elf Conjurer began the quest for the Orb.
     0 | D:1      | Reached XP level 1. HP: 10/10 MP: 6/6
    18 | D:1      | Reached XP level 2. HP: 15/15 MP: 4/8
    66 | D:1      | Reached skill level 5 in Conjurations
   630 | D:1      | Reached XP level 3. HP: 19/19 MP: 6/9
   858 | D:1      | Learned a level 2 spell: Searing Ray
  1990 | D:3      | Reached XP level 4. HP: 24/24 MP: 7/10
  2250 | D:3      | Found a glowing silver altar of Zin.
  2445 | D:3      | Reached XP level 5. HP: 11/28 MP: 6/11
  3257 | D:4      | Gained mutation: You have sharp toenails. [potion of
                  | mutation]
  3257 | D:4      | Gained mutation: Your muscles are strong. (Str +2) [potion
                  | of mutation]
  3257 | D:4      | Gained mutation: You are partially covered in icy blue
                  | scales. (AC +2) [potion of mutation]
  3257 | D:4      | Gained mutation: Your mind is acute. (Int +2) [potion of
                  | mutation]
  3258 | D:4      | Reached skill level 10 in Dodging
  3258 | D:4      | Reached XP level 6. HP: 42/42 MP: 12/12
  3479 | D:4      | Found a staircase to the Ecumenical Temple.
  3516 | Temple   | Entered the Ecumenical Temple
  3567 | Temple   | Became a worshipper of Vehumet
  3687 | D:4      | Reached XP level 7. HP: 44/47 MP: 3/13
  3779 | D:4      | Found a bloodstained altar of Trog.
  3981 | D:4      | Found a blossoming altar of Fedhas.
  4041 | D:4      | Noticed an oklob plant
  4581 | D:5      | Entered Level 5 of the Dungeon
  5039 | D:4      | Learned a level 4 spell: Fulminant Prism
  5457 | D:5      | Reached skill level 1 in Hexes
  5691 | D:5      | Reached * piety under Vehumet
  5691 | D:5      | Offered knowledge of Shock by Vehumet.
  5854 | D:5      | Reached XP level 8. HP: 44/52 MP: 7/14
  6231 | D:5      | Found a broken altar of Ashenzari.
  6278 | D:5      | Learned a level 3 spell: Dazzling Flash
  6707 | D:5      | Found an opulent altar of Gozag.
  7337 | D:5      | Reached skill level 5 in Hexes
  7476 | D:6      | Found an iron altar of Okawaru.
  7744 | D:6      | Noticed Maggie
  7751 | D:6      | Killed Maggie
  8150 | D:6      | Reached XP level 9. HP: 46/56 MP: 7/15
  8891 | D:7      | Reached skill level 1 in Staves
  9035 | D:7      | Noticed Harold
  9048 | D:7      | Mangled by Harold

Illustrated notes

Levels and vault maps discovered:
D:1:      dpeg_arrival_long_road, layout_loops_ring
D:2:      layout_rooms
D:3:      layout_basic, lemuel_round_altar
D:4:      layout_loops_cross, old_standard_altar,
          minmay_temple_entry_statues_pillars, chequers_hall_statues_y,
          tgw_fedhas
D:5:      minmay_inner_zag, layout_basic, ashenzari_conservatory_becter,
          grunt_gozag_breadcrumbs
D:6:      layout_rooms, old_standard_altar, enter_ossuary_2, uniq_maggie
D:7:      layout_basic, gammafunk_temple_overflow_forgotten,
          lemuel_crystal_altar, basic_altar, lemuel_tele_altar, uniq_harold
Temple:   zaba_magenta_temple

Skill      XL: |  1  2  3  4  5  6  7  8  9 |
---------------+----------------------------+-----
Conjurations   | 5 6 7 8 9 |  9.5
Fighting       | 6 |  6.9
Dodging        | 10 | 10.2
Hexes          | 3 6 |  6.5
Staves         | 1 |  1.2
Stealth        | |  2.4
Spellcasting   | |  3.0

Action                   |  1- 3 |  4- 6 |  7- 9 || total
-------------------------+-------+-------+-------++-------
Melee: Short sword       |     3 |       |    11 ||    14
       Rapier            |       |     2 |       ||     2
       Long sword        |       |       |     6 ||     6
       Kick              |       |       |     3 ||     3
 Cast: Magic Dart        |    62 |    42 |   185 ||   289
       Searing Ray       |       |     9 |    27 ||    36
       Fulminant Prism   |       |       |     3 ||     3
  Use: Scroll            |       |     9 |     4 ||    13
       Potion            |       |     2 |       ||     2
 Stab: Sleeping          |     1 |     1 |       ||     2
Armor: Robe              |     2 |     1 |       ||     3
       Leather armour    |       |       |    30 ||    30
Dodge: Dodged            |     6 |     9 |    87 ||   102
       Rpst.: Long sword |       |       |     6 ||     6

Table legend: (Time is in decaauts)
 A = Elapsed time spent in this place.
 B = Non-inter-level travel time spent in this place.
 C = Inter-level travel time spent in this place.
 D = Time resting spent in this place.
 E = Time spent auto-exploring this place.
 F = Levels seen in this place.
 G = Mean time per level.
                   A        B        C        D        E       F      G
               +--------+--------+--------+--------+--------+-----+--------+
         Total |   9056 |   8459 |    597 |   4092 |   3476 |   8 | 1132.0 |
       Dungeon |   8992 |   8408 |    584 |   4092 |   3431 |   7 | 1284.6 |
        Temple |     64 |     51 |     13 |      0 |     45 |   1 |   64.0 |
               +--------+--------+--------+--------+--------+-----+--------+

Top non-repeatable levels by time:
     D:5: 3059 daAuts
     D:4: 1535 daAuts
     D:3: 1410 daAuts
     D:1: 1189 daAuts
     D:6: 833 daAuts
     D:2: 543 daAuts
     D:7: 419 daAuts
  Temple: 64 daAuts
